 Dungeon Crawl Stone Soup version 0.17.0 (webtiles) character file.

930 Eucla the Chopper (level 7, -7/63 HPs)
             Began as a Minotaur Gladiator on Nov 11, 2015.
             Was a Priest of Jiyva.
             Killed from afar by Erolcha (28 damage)
             ... with a bolt of lightning
             ... on level 8 of the Dungeon.
             The game lasted 00:05:49 (3682 turns).

Eucla the Chopper (Minotaur Gladiator)              Turns: 3682, Time: 00:05:49

Health: -7/63      AC: 10    Str: 17    XL:     7   Next: 86%
Magic:  2/6        EV:  9    Int:  6    God:    Jiyva [***...]
Gold:   140        SH:  0    Dex: 14    Spells: 0 memorised, 6 levels left

rFire  . . .     SeeInvis .     a - +0 war axe
rCold  . . .     Clarity  .     h - +0 chain mail
rNeg   . . .     SustAt   .     (no shield)
rPois  .         Gourm    .     c - +0 hat
rElec  .         Spirit   .     (no cloak)
rCorr  +         Warding  .     (no gloves)
rMut   .         Stasis   .     (no boots)
MR     .....                    (no amulet)
Stlth  ..........               (no ring)
                                (no ring)

@: lethally poisoned (-7 -> -21), not resistant to hostile enchantments,
extremely unstealthy
A: retaliatory headbutt, horns 2, acidic bite, gelatinous body 1
a: Request Jelly, Jelly Paralyse, Renounce Religion


You were on level 8 of the Dungeon.
You worshipped Jiyva.
Jiyva was most pleased with you.
You were not hungry.

You visited 1 branch of the dungeon, and saw 7 of its levels.

You collected 140 gold pieces.

Inventory:

Hand Weapons
 a - a +0 war axe (weapon)
Missiles
 d - 3 throwing nets (quivered)
Armour
 c - a +0 hat (worn)
 h - a +0 chain mail (worn)
Jewellery
 f - an uncursed ring of ice
 k - an uncursed ring of fire {unknown}
 s - an uncursed ring of magical power {unknown}
Scrolls
 j - a scroll of identify
 q - 2 scrolls of blinking
Potions
 n - a potion of curing
 p - a potion of might {unknown}
 r - a potion of agility {unknown}
Comestibles
 e - 3 bread rations
 i - a meat ration


   Skills:
 + Level 6.0 Fighting
 + Level 6.4 Axes
 - Level 2.0 Throwing
 + Level 5.0 Armour
 + Level 5.9 Dodging


You had 6 spell levels left.
You didn't know any spells.

Dungeon Overview and Level Annotations

Branches:
Dungeon (9/15)
 Temple: D:4-7         Lair: D:8-11         Orc: D:9-12

Altars:
Dithmenos
Zin
Jiyva

Annotations:
D:8 Erolcha


Innate Abilities, Weirdness & Mutations

You reflexively headbutt those who attack you in melee.
You have a pair of horns on your head.
You have acidic saliva.
Your rubbery body absorbs attacks (AC +1).


Message History

You closely miss the worker ant.
You feel sick. The hound bites you but does no damage.
The worker ant bites you.
You are more poisoned.
The worker ant poisons you! The hound bites you but does no damage.
Unknown command.
You slash the hound! Your headbutt misses the hound.
The hound is almost dead.
You hit the worker ant.
The worker ant is moderately wounded.
You feel sick. The hound bites you but does no damage.
The worker ant bites you but does no damage.
The hound closely misses you. You furiously retaliate!
You headbutt the hound!
You kill the hound!
Your Fighting skill increases to level 6!
The worker ant bites you.
You are more poisoned.
The worker ant poisons you!
Erolcha points at you and mumbles some strange words.
The bolt of lightning hits you!
You die...

### #J# ######@#
#....a.####...
+....Oha.h....
#......h......
..........h)....
..............<.
..........#..#.#
.............# #
#######+###....


You could see Erolcha, a hound, 2 worker ants, 2 jackals and a neutral ooze
(fellow slime).

Vanquished Creatures
  Grinder (D:5)
  Edmund (D:5)
  A sky beast (D:6)
  A necrophage (D:6)
  2 centaurs
  A big kobold (D:5)
  A scorpion (D:6)
  A crimson imp (D:6)
  2 hounds
  An iguana (D:3)
  An orc priest (D:5)
  An orc wizard (D:5)
  3 adders
  A shadow imp (D:5)
  2 worms
  4 giant geckos
  8 orcs
  5 bats
  8 giant cockroaches
  8 goblins
  5 hobgoblins
  15 kobolds
  4 quokkas
  A giant cockroach zombie (D:5)
  4 giant newts
  5 rats
87 creatures vanquished.

Vanquished Creatures (others)
  A sky beast (D:5)
  4 jellies (D:5)
  A hound skeleton (D:5)
  3 adders (D:5)
  A giant gecko (D:5)
  2 orcs (D:5)
  A hobgoblin (D:3)
  A giant cockroach (D:5)
14 creatures vanquished.

Grand Total: 101 creatures vanquished

Notes
Turn   | Place    | Note
--------------------------------------------------------------
     0 | D:1      | Eucla the Minotaur Gladiator began the quest for the Orb.
     0 | D:1      | Reached XP level 1. HP: 18/18 MP: 0/0
   315 | D:1      | Reached XP level 2. HP: 26/26 MP: 1/1
   420 | D:1      | Reached skill level 1 in Armour
   909 | D:2      | Reached XP level 3. HP: 29/31 MP: 2/2
   926 | D:2      | Found a shadowy altar of Dithmenos.
  1020 | D:2      | Found a faded altar to an unknown god.
  1029 | D:2      | Became a worshipper of Jiyva Jyvuahe the Shapeless
  1029 | D:2      | Reached * piety under Jiyva
  1294 | D:2      | Reached skill level 4 in Axes
  1570 | D:3      | Reached XP level 4. HP: 37/39 MP: 3/3
  1648 | D:3      | Found a glowing silver altar of Zin.
  1689 | D:3      | Reached ** piety under Jiyva
  1694 | D:3      | You fall through a shaft for 2 floors!
  1694 | D:5      | Entered Level 5 of the Dungeon
  2134 | D:5      | Noticed Edmund
  2161 | D:5      | Killed Edmund
  2161 | D:5      | Reached XP level 5. HP: 25/47 MP: 4/4
  2338 | D:5      | Reached XP level 6. HP: 25/53 MP: 5/5
  2352 | D:5      | Reached skill level 5 in Axes
  2506 | D:5      | Noticed Grinder
  2509 | D:5      | Paralysed by Grinder for 6 turns
  2523 | D:5      | Reached *** piety under Jiyva
  2531 | D:5      | Paralysed by Grinder for 3 turns
  2566 | D:5      | Paralysed by Grinder for 2 turns
  2569 | D:5      | Killed a sky beast
  2574 | D:5      | Paralysed by Grinder for 2 turns
  2580 | D:5      | Killed Grinder
  2580 | D:5      | Reached skill level 5 in Dodging
  2758 | D:5      | Noticed a big kobold
  2770 | D:5      | Killed a big kobold
  2770 | D:5      | Reached skill level 5 in Fighting
  2790 | D:5      | Gained mutation: Your rubbery body absorbs attacks (AC +1). [Jiyva's grace]
  3175 | D:5      | Reached XP level 7. HP: 53/61 MP: 6/6
  3304 | D:6      | Gained mutation: You have acidic saliva. [Jiyva's grace]
  3306 | D:6      | Reached **** piety under Jiyva
  3329 | D:6      | Reached skill level 6 in Axes
  3642 | D:6      | Reached skill level 5 in Armour
  3655 | D:6      | You fall through a shaft for 3 floors!
  3674 | D:8      | Noticed Erolcha
  3682 | D:8      | Killed from afar by Erolcha

Action                   |  1- 3 |  4- 6 |  7- 9 || total
-------------------------+-------+-------+-------++-------
Melee: War axe           |    81 |    97 |    52 ||   230
Invok: Request Jelly     |       |     4 |     1 ||     5
       Slimify           |       |       |     1 ||     1
  Use: Potion            |       |     4 |       ||     4
       Scroll            |       |     7 |       ||     7
  Eat: Meat ration       |     1 |       |       ||     1
       Chunk             |     1 |       |       ||     1
